 Dungeon Crawl Stone Soup version 0.29-a0-542-g075992c915 (webtiles) character file.

Game seed: 9094278154036158702

161 ytrimaz the Insei (level 5, -2/33 HPs)
             Began as an Octopode Transmuter on June 5, 2022.
             Slain by an ice beast (14 damage)
             ... on level 5 of the Dungeon.
             The game lasted 00:04:08 (2633 turns).

ytrimaz the Insei (Octopode Transmuter)             Turns: 2633, Time: 00:04:09

Health: -2/33      AC:  1    Str:  9    XL:     5   Next: 42%
Magic:  9/9        EV: 13    Int: 17    God:
Gold:   1060       SH:  0    Dex: 13    Spells: 0/9 levels left

rFire   . . .      SeeInvis +     - Unarmed
rCold   . . .      Faith    .   (no shield)
rNeg    . . .      Spirit   .   (helmet restricted)
rPois   .          Reflect  .   (no amulet)
rElec   .          Harm     .   d - ring of see invisible
rCorr   .          Rampage  .   (no ring)
Will    .....                   (no ring)
Stlth   ++........              (no ring)
HPRegen 0.11/turn               (no ring)
MPRegen 0.11/turn               (no ring)
                                (no ring)
                                (no ring)

@: no status effects
A: almost no armour, amphibious, 8 rings, camouflage 1, gelatinous body 1,
(nimble swimmer 1), tentacles
a: no special abilities


You were on level 5 of the Dungeon.
You visited 1 branch of the dungeon, and saw 4 of its levels.

You collected 1060 gold pieces.

Inventory:

Jewellery
 d - a ring of see invisible (left tentacle)
Scrolls
 f - 2 scrolls of enchant weapon
 i - a scroll of poison
Potions
 a - 2 potions of lignification
 b - 2 potions of curing
 c - a potion of resistance {unknown}
 g - a potion of flight {unknown}
 h - 2 potions of attraction
 j - a potion of cancellation {unknown}
 k - a potion of degeneration {unknown}


   Skills:
 - Level 1.0 Fighting
 * Level 2.9 Dodging
 + Level 4.0 Unarmed Combat
 + Level 2.8 Spellcasting
 * Level 3.2 Transmutations
 * Level 1.4 Poison Magic


You couldn't memorise any spells.
You knew the following spells:

 Your Spells              Type           Power      Damage    Failure   Level
a - Spider Form           Tmut/Pois      10%        N/A       21%         3
b - Wereblood             Tmut           13%        N/A       7%          2
c - Ice Form              Ice/Tmut       7%         N/A       65%         4

Your spell library contained the following spells:

 Spells                   Type           Power      Damage    Failure   Level
 Beastly Appendage        Tmut           26%        N/A       4%          1
 Necrotize                Necr           8%         1d4       19%         1
 Inner Flame              Hex/Fire       2%         N/A       47%         3
 Vampiric Draining        Necr           2%         2d6       47%         3
 Cause Fear               Hex            1%         N/A       87%         4
 Agony                    Necr           2%         N/A       99%         5
 Discord                  Hex            1%         N/A       100%        8


Dungeon Overview and Level Annotations

Branches:
Dungeon (5/15)             Temple (0/1) D:5

Altars:

Annotations:
D:2 Sigmund


Innate Abilities, Weirdness & Mutations

You cannot wear most types of armour.
You are amphibious.
You can wear up to eight rings at the same time.
Your skin changes colour to match your surroundings (Stealth+).
Your rubbery body absorbs attacks. (AC +1, EV +1)
((You are camouflaged when in or above water. (Stealth+)))
You have tentacles for arms and can constrict up to eight enemies at once.


Message History

The shaft crumbles and collapses.
Found a robe.
Found a staircase to the Ecumenical Temple.
An ice beast and a yak come into view.
The yak bellows!
You hear a bellow! x3
The yak moves out of view.
A yak comes into view. 2 yaks come into view.
The yak bellows! x3; You hear a bellow!
The ice beast hits you but does no damage.
A yak comes into view.
Okay, then.
The ice beast barely misses you.
Found a scroll of blinking.
A yak comes into view.
Found 12 gold pieces.
Casting: Wereblood (safe; 7% risk of failure)
Confirm with . or Enter, or press ? or * to list all spells.
The spell is potentially lethal to miscast (65% risk of failure)!
Continue anyway?
Okay, then.
Casting: Ice Form (potentially lethal; 65% risk of failure)
Confirm with . or Enter, or press ? or * to list all spells.
Okay, then.
Okay, then.
The ice beast attacks as you move away! The ice beast barely misses you.
You see here 12 gold pieces.
The ice beast attacks as you move away! The ice beast misses you.
The ice beast attacks as you move away! The ice beast completely misses you.
The ice beast attacks as you move away! The ice beast hits you.
The ice beast freezes you.
There is a shaft here.
The ice beast attacks as you move away! The ice beast closely misses you.
The ice beast attacks as you move away! The ice beast closely misses you.
You see here a scroll of blinking.
Found 15 gold pieces.
The yak gores you! The yak closely misses you.
The ice beast attacks as you move away! The ice beast barely misses you.
The ice beast attacks as you move away! The ice beast hits you.
The ice beast freezes you!
You die...

#.# ###.#####
#......^########
#Y#####.....?..#
#$###........#.##
#Y##..##...#Y...#
###.#..#..#.#...Y.#
......[#....#..#YY#
.#......#....##Y@.#
#.........>......#
#......##....#..##
#.....#..#....#.#
####.....#.#..#.#
###..#...##.$#
##........##
#########


You could see 4 yaks and an ice beast.

Vanquished Creatures
  3 orc wizards
  An adder (D:2)
  A worm (D:2)
  7 orcs
  7 ball pythons
  7 endoplasms
  11 giant cockroaches
  9 goblins
  3 hobgoblins
  2 quokkas
  4 bats
  3 frilled lizards
  3 kobolds (D:2)
  2 rats (D:2)
63 creatures vanquished.

Notes
Turn   | Place    | Note
-------+----------+-------------------------------------------
     0 | D:1      | ytrimaz the Octopode Transmuter began the quest for the
                  | Orb.
     0 | D:1      | Reached XP level 1. HP: 13/13 MP: 3/3
   365 | D:1      | Reached XP level 2. HP: 18/18 MP: 5/5
  1311 | D:2      | Reached XP level 3. HP: 14/23 MP: 6/6
  1317 | D:1      | Learned a level 3 spell: Spider Form
  1320 | D:1      | Learned a level 2 spell: Wereblood
  1488 | D:2      | Reached skill level 1 in Poison Magic
  1488 | D:2      | Reached XP level 4. HP: 28/28 MP: 3/7
  1569 | D:2      | Noticed Sigmund
  2109 | D:2      | Identified a scroll of acquirement
  2109 | D:2      | Acquired 975 gold pieces
  2178 | D:3      | Reached XP level 5. HP: 33/33 MP: 2/9
  2259 | D:3      | Learned a level 4 spell: Ice Form
  2566 | D:3      | Reached skill level 4 in Unarmed Combat
  2604 | D:3      | You fall into a shaft and drop 2 floors!
  2604 | D:5      | Entered Level 5 of the Dungeon
  2604 | D:5      | Found a staircase to the Ecumenical Temple.
  2605 | D:5      | Noticed an ice beast
  2605 | D:5      | Noticed a yak
  2606 | D:5      | Noticed a yak
  2606 | D:5      | Noticed a yak
  2606 | D:5      | Noticed a yak
  2606 | D:5      | Noticed a yak
  2609 | D:5      | Noticed a yak
  2633 | D:5      | Slain by an ice beast

Illustrated notes

Levels and vault maps discovered:
D:1:      heliophobic_arrival_glass_houses, layout_loops_corners,
          minmay_misc_feat_x, corner_web_ring
D:2:      layout_rooms, minmay_surrounded, uniq_sigmund
D:3:      minmay_roachtagon, layout_loops_ring, amethyst_killhole,
          serial_park_tiny_1, minmay_diced_spiral
D:5:      layout_basic, minmay_temple_entry_mini_moons, minmay_puff

Skill      XL: |  1  2  3  4  5 |
---------------+----------------+-----
Poison Magic   | 1 |  1.4
Transmutations | 3 |  3.2
Unarmed Combat | 4 |  4.0
Fighting       | |  1.0
Dodging        | |  2.9
Spellcasting   | |  2.8

Action                   |  1- 3 |  4- 6 || total
-------------------------+-------+-------++-------
Melee: Unarmed           |    42 |    83 ||   125
       Tentacles         |     8 |    13 ||    21
       Constrict         |     7 |    25 ||    32
       Kick              |     5 |     1 ||     6
       Punch             |     2 |     2 ||     4
 Cast: Beastly Appendage |    11 |     2 ||    13
       Wereblood         |     1 |     5 ||     6
       Spider Form       |     1 |     1 ||     2
  Use: Scroll            |       |     7 ||     7
 Stab: Sleeping          |     3 |     3 ||     6
Armor: Skin              |     2 |     8 ||    10
Dodge: Dodged            |    20 |    73 ||    93

Table legend: (Time is in decaauts)
 A = Elapsed time spent in this place.
 B = Non-inter-level travel time spent in this place.
 C = Inter-level travel time spent in this place.
 D = Time resting spent in this place.
 E = Time spent auto-exploring this place.
 F = Levels seen in this place.
 G = Mean time per level.
                   A        B        C        D        E       F      G
               +--------+--------+--------+--------+--------+-----+--------+
         Total |   2626 |   2597 |     29 |    174 |   1926 |   4 |  656.5 |
       Dungeon |   2626 |   2597 |     29 |    174 |   1926 |   4 |  656.5 |
               +--------+--------+--------+--------+--------+-----+--------+

Top non-repeatable levels by time:
     D:1: 1388 daAuts
     D:2: 721 daAuts
     D:3: 487 daAuts
     D:5: 28 daAuts
